[Event "German Bundesliga 2021-22"]
[Site "Germany"]
[Date "2022.04.30"]
[Round "5.1"]
[White "Khenkin, Igor"]
[Black "Harikrishna, Pentala"]
[Result "0-1"]
[ECO "E10"]
[WhiteElo "2509"]
[BlackElo "2719"]
[Annotator "TA"]
[PlyCount "52"]
[EventDate "2022.03.05"]
[EventType "team-tourn"]
[EventCountry "GER"]
[SourceTitle "playchess.com"]
[Source "ChessBase"]
[SourceQuality "1"]
[TimeControl "40/5400+30:1800+30"]

1. d4 Nf6 2. c4 e6 3. Nf3 d5 4. e3 Nbd7 5. Nbd2 c5 6. b3 {[%emt 0:00:00] D30: Queen's Gambit Declined: Systems without Nc3.} b6 7. Bb2 Bb7 8. Bd3 {[%emt 0:00:00] The position is equal.} dxc4 $5 {[%emt 0:02:31][%mdl 4] Leaves trodden paths.} 9. bxc4 Qc7 10. O-O Bd6 {[%emt 0:01:06] [#]} 11. a4 $146 ({Predecessor:} 11. Rc1 O-O 12. Qe2 Rfe8 13. Bb1 cxd4 14. exd4 e5 15. d5 e4 16. Nd4 Bxh2+ 17. Kh1 {1-0 (40) Johansson,R (2095)-Welin,M (2242) Gothenburg 2004}) 11... O-O 12. a5 cxd4 13. exd4 e5 14. axb6 axb6 15. d5 Nc5 16. Qc2 Rae8 17. Rfe1 (17. Ng5 {is superior.}) 17... b5 $11 18. cxb5 {[%emt 0:18:10] [#]} (18. Ng5 $11) 18... e4 $1 $17 19. Nxe4 (19. Rxe4 $17 Nfxe4 20. Nxe4 Nxe4 21. Bxe4 Qxc2 22. Bxc2) 19... Ncxe4 $19 ({Inferior is} 19... Nfxe4 20. Rxe4 Nxe4 21. Bxe4 Qxc2 22. Bxc2 $17) 20. Qxc7 Bxc7 21. Bxe4 Rxe4 22. Bxf6 Rxe1+ 23. Rxe1 {[%emt 0:00:09] Strongly threatening Be7.} gxf6 24. b6 Bxb6 {[%emt 0:07:55] Black is clearly winning.} 25. Rb1 {[%emt 0:00:01] [#]} Ra8 $1 26. h3 {[%emt 0:00:41] [#]} (26. Nd2 Ra6) 26... Bc7 $1 {[%emt 0:00:47] Weighted Error Value: White=0.35/Black=0.05 (flawless)} 0-1

[Event "German Bundesliga 2021-22"]
[Site "Germany"]
[Date "2022.04.30"]
[Round "5.2"]
[White "Van Foreest, Jorden"]
[Black "Bjerre, Jonas Buhl"]
[Result "1-0"]
[ECO "C42"]
[WhiteElo "2702"]
[BlackElo "2586"]
[Annotator "TA"]
[PlyCount "105"]
[EventDate "2022.03.05"]
[EventType "team-tourn"]
[EventCountry "GER"]
[SourceTitle "playchess.com"]
[Source "ChessBase"]
[SourceQuality "1"]
[TimeControl "40/5400+30:1800+30"]

1. e4 e5 2. Nf3 Nf6 3. Nxe5 d6 4. Nd3 Nxe4 5. Qe2 Qe7 6. Nf4 {[%emt 0:00:00] And now Nd5 would win. C42: Petroff Defence: 3 Nxe5 and unusual White 3rd moves.} Nc6 {[%emt 0:00:00][%cal Bb8c6,Bc6d4,Bd4e2][%mdl 32] Threatens to win with ...Nd4.} 7. Nd5 Nd4 8. Nxe7 {[%emt 0:00:00] The position is equal.} Nxe2 9. Nd5 Nd4 {[%emt 0:01:53] [#]} 10. d3 $5 $146 {[%emt 0:00:00][%mdl 8] New and interesting.} ({Predecessor:} 10. Na3 Ne6 11. f3 N4c5 12. d4 Nd7 13. c3 c6 14. Nf4 Nb6 15. Nc4 Nxc4 16. Bxc4 {½-½ (28) Ibarra Jerez,J (2558)-Deac,B (2639) Chess.com INT 2021}) 10... Nxc2+ 11. Kd1 Nxa1 12. dxe4 Kd8 13. Bg5+ f6 14. Be3 c6 15. Nf4 f5 (15... g5 $15 16. Ne2 Be6) 16. exf5 $1 $11 Bxf5 17. Bd3 Bxd3 18. Nxd3 a5 19. Kd2 a4 20. Nc3 Nb3+ 21. axb3 axb3 22. Nc1 Ra1 23. Nd1 {[%emt 0:00:29][%mdl 1024] White has compensation.} Be7 24. Nxb3 Ra4 25. Nc3 Rb4 26. Kc2 Bf6 27. Rd1 d5 28. Bc5 Rh4 29. Bd6 Kd7 30. Bg3 $36 {[%emt 0:03:31][%mdl 2048] White is pushing.} Rc4 {[%emt 0:00:54] Inhibits Nc5+.} 31. Ra1 {[%emt 0:00:15] Ra7 is the strong threat.} b6 $2 {[%emt 0:10:08] White now steadily converts the win.} (31... Re8 $11) 32. Nd2 Rb4 33. Ra7+ Ke6 34. Rc7 c5 35. Rc6+ $1 Kf7 36. Nxd5 Rxb2+ 37. Kc1 $1 Rd8 {[%emt 0:03:36] [#]} 38. Nc4 $1 {[%emt 0:02:45] Really sharp! Pair of Knights!} Rb3 39. Ncxb6 ({Resist} 39. Ndxb6 $6 Rc3+ 40. Kb2 Bd4 $16) 39... Bd4 40. Rc7+ Kg8 {[%emt 0:03:35] [#]} 41. Ne7+ $1 Kf8 {[%emt 0:00:00] [#]} 42. Nc6 $1 Re8 43. Nd5 Re1+ 44. Kd2 Rbb1 45. Ne3 {[%emt 0:00:00] Against Rbd1+} Bf6 $2 (45... Bxe3+ 46. fxe3 Rg1 47. Rc8+ Kf7) 46. Bd6+ $18 Ke8 47. Ne5 Kd8 {[%emt 0:01:16] Inhibits Rc8+.} 48. Nd3 Rg1 49. Rxc5 Bd4 50. Rc7 {[%emt 0:00:00] Strongly threatening Nf5.} Bxe3+ 51. Kxe3 Rxg2 (51... Rb6 52. Bg3 (52. Rxg7 Rxd6 53. Rxh7 Rxg2 $11) 52... Re6+ 53. Kf3 Rf6+ 54. Ke3 Re6+ 55. Kd2 Re7) 52. Ne5 {[%emt 0:00:00] aiming for Nc6+.} Rd1 {[%emt 0:04:48] [#]} 53. Rb7 $1 {[%emt 0:00:00] Weighted Error Value: White=0.10 (very precise) /Black=0.34} 1-0

[Event "German Bundesliga 2021-22"]
[Site "Germany"]
[Date "2022.04.30"]
[Round "5.2"]
[White "Kasimdzhanov, Rustam"]
[Black "Piorun, Kacper"]
[Result "1-0"]
[ECO "D38"]
[WhiteElo "2659"]
[BlackElo "2641"]
[Annotator "TA"]
[PlyCount "75"]
[EventDate "2022.03.05"]
[EventType "team-tourn"]
[EventCountry "GER"]
[SourceTitle "playchess.com"]
[Source "ChessBase"]
[SourceQuality "1"]
[TimeControl "40/5400+30:1800+30"]

1. d4 Nf6 2. c4 e6 3. Nf3 d5 4. Nc3 Bb4 5. cxd5 exd5 6. Bg5 h6 7. Bh4 Nbd7 {[%emt 0:05:00] 7...Bf5 is setting a new trend. D38: Queen's Gambit Declined: Ragozin Defence (4 Nf3 Bb4).} 8. e3 g5 9. Bg3 Ne4 {[%emt 0:00:30] The position is equal.} 10. Nd2 Nxg3 11. hxg3 c6 12. Qc2 Nb6 13. Bd3 Be6 14. a3 Bd6 15. O-O-O Qe7 16. e4 dxe4 17. Bxe4 {[%emt 0:02:30] [#]} Nd5 $146 (17... Bc7 $11 {keeps the balance.}) ({Predecessor:} 17... Bc7 18. Nb3 O-O-O 19. Bf5 Kb8 20. Rhe1 Bxb3 21. Rxe7 Bxc2 22. Kxc2 Rhf8 23. g4 Nd5 24. Nxd5 Rxd5 {½-½ (33) Akobian,V (2625)-Lenderman,A (2587) Saint Louis 2012}) 18. Rde1 $16 Rc8 (18... Kf8 $142) 19. Bf5 Kd7 20. Bxe6+ fxe6 {[%emt 0:00:00] [#]} 21. Nce4 $1 {[%emt 0:00:30] Hoping for Nc4.} b6 22. Kb1 Bb8 23. Rc1 Qg7 24. Qa4 Rhe8 25. Nf3 {[%emt 0:07:30] Pair of Knights!} g4 26. Ne5+ Bxe5 27. dxe5 {[%emt 0:00:30] Strongly threatening Nf6+.} Qxe5 28. Qxa7+ Rc7 29. Qa4 h5 30. Ka1 Rf8 (30... Qh8 $16 {keeps fighting.} 31. Qd1 (31. Rhd1 Ra8 $16) 31... Ke7) 31. Rhe1 $18 {[%emt 0:01:30][%cal Oe4c5] Black must now prevent Nc5+!} Qg7 32. Re2 ({But not} 32. Red1 $6 Qg6 33. Re1 (33. Qb4 c5 $14) 33... Qg7 $16) 32... Qg6 33. Nc3 (33. Rce1 $18 {has better winning chances.}) 33... Rf5 {[%emt 0:02:09] [#]} (33... Nxc3 $16 {was worth a try.} 34. Rxc3 Rf5) 34. Rec2 (34. Rd1 $1 $18) 34... Rf8 $2 {[%emt 0:01:42][%mdl 8192] [#] Loses the game.} (34... Nxc3 $16 35. Rxc3 b5) 35. Nb5 $1 cxb5 (35... Qxc2 36. Rxc2) 36. Qxb5+ Kc8 (36... Ke7 $142 37. Rxc7+ Nxc7 38. Rxc7+ Kf6) 37. Qa6+ Kd7 38. Qa4+ {[%emt 0:03:29] Weighted Error Value: White=0.13 (very precise) /Black=0.31} 1-0

[Event "German Bundesliga 2021-22"]
[Site "Germany"]
[Date "2022.04.30"]
[Round "5.2"]
[White "Banusz, Tamas"]
[Black "Areshchenko, Alexander"]
[Result "1/2-1/2"]
[ECO "A33"]
[WhiteElo "2598"]
[BlackElo "2670"]
[Annotator "TA"]
[PlyCount "81"]
[EventDate "2022.03.05"]
[EventType "team-tourn"]
[EventCountry "GER"]
[SourceTitle "playchess.com"]
[Source "ChessBase"]
[SourceQuality "1"]
[TimeControl "40/5400+30:1800+30"]

1. Nf3 c5 2. c4 Nc6 3. d4 cxd4 4. Nxd4 Nf6 5. Nc3 e6 6. e4 Bb4 7. Nxc6 bxc6 8. Bd3 e5 9. O-O O-O 10. h3 $1 {[%emt 0:00:00][%mdl 4] outshines the older 10.Bg5. B44: Sicilian: Taimanov: 5 Nb5.} Bc5 11. Re1 {[%emt 0:00:00] [#]} Rb8 $146 ({Predecessor:} 11... Re8 12. Be3 Bxe3 13. Rxe3 Rb8 14. Qd2 d6 15. Rd1 Be6 16. Be2 Qc8 17. b3 Rd8 {1-0 (49) Oparin,G (2652)-Cheparinov,I (2667) Tornelo INT 2021}) 12. Rb1 {[%emt 0:05:10] White has an edge.} d6 13. Be3 Nd7 14. Bf1 Qc7 15. a3 Bxe3 16. Rxe3 Nc5 {[%emt 0:00:05] Prevents Rd3.} 17. b4 Ne6 18. Qd2 Rd8 19. Rd1 Nd4 20. Rg3 f6 21. Ne2 c5 22. Nxd4 cxd4 23. f4 Qf7 ({Black should play} 23... Qe7 $11) 24. fxe5 fxe5 25. Rc1 (25. Qg5 {feels hotter.} Re8 26. Rc1 Qe7 27. c5) 25... Bb7 26. Bd3 $1 Kh8 (26... Re8 $14) 27. Rf1 Qg8 28. Rgf3 Bc8 29. Rf7 Be6 (29... Ra8 $16 {is a better defense.}) 30. Rxa7 $18 Ra8 31. Rxa8 Rxa8 32. Rc1 $2 (32. b5 $18) 32... Rxa3 $11 33. c5 dxc5 34. bxc5 Qc8 35. c6 {[%emt 0:00:42] aiming for c7.} Qc7 {[%emt 0:00:45] [#]} 36. Bf1 (36. Qb4 $1 $16 {[%cal Rb4f8] White threatens Qf8+ and mate.} Ra8 37. Qc5) 36... h6 37. Qb4 Ra7 38. Qc5 Ra5 (38... Kg8 $11) 39. Qf8+ $16 Kh7 40. Qb4 {[%emt 0:03:01] White is more active.} ({White should try} 40. Kh2 $16) 40... Ra7 41. Qb5 {[%emt 0:00:00] Black defended with fortune.  Weighted Error Value: White=0.26 (precise) /Black=0.21 (precise)} 1/2-1/2

[Event "German Bundesliga 2021-22"]
[Site "Germany"]
[Date "2022.04.30"]
[Round "5.2"]
[White "Alonso Rosell, Alvar"]
[Black "Nestorovic, Nikola"]
[Result "1-0"]
[ECO "D12"]
[WhiteElo "2570"]
[BlackElo "2456"]
[Annotator "TA"]
[PlyCount "109"]
[EventDate "2022.03.05"]
[EventType "team-tourn"]
[EventCountry "GER"]
[SourceTitle "playchess.com"]
[Source "ChessBase"]
[SourceQuality "1"]
[TimeControl "40/5400+30:1800+30"]

1. d4 d5 2. c4 c6 3. Nf3 Nf6 4. e3 Bf5 5. Nc3 e6 6. Be2 Nbd7 {[%emt 0:00:00] 6...Nbd7 scores better than 6...h6.} 7. Nh4 Be4 {[%emt 0:00:00] D12: Slav Defence: 3 Nf3 Nf6 4 e3 Bf5.} 8. f3 Bg6 9. g3 Be7 {[%emt 0:04:05] The position is equal.} 10. O-O O-O 11. cxd5 {[%emt 0:02:59] [#]} Nxd5 $146 ({Predecessor:} 11... cxd5 12. Nxg6 hxg6 13. Qb3 Qb6 14. Qxb6 Nxb6 15. a4 a6 16. a5 Nbd7 17. Bd2 Rac8 {½-½ (47) Ilincic,Z (2436)-Jocev,M (2235) Belgrade 2017}) 12. Nxg6 hxg6 13. e4 N5b6 14. Be3 e5 15. dxe5 Nxe5 16. Qb3 {[%emt 0:01:19] Inhibits Nec4.} Ned7 17. Rfd1 Qe8 18. Kg2 Bc5 19. Bg5 Be7 20. Be3 {[%emt 0:00:10] 0x0.0019b958da91dp-1022s more active pieces. The black rooks are badly placed.} Bc5 21. Bf4 Qe7 22. h4 $1 {[%emt 0:00:44] Prevents g5.} a5 23. Bg5 Qe8 (23... Nf6 $1 $14) 24. Na4 $16 Nxa4 25. Qxa4 Nf6 26. Rd3 (26. Qc2 $16 Qe7 27. Rac1) 26... Qe5 $14 27. Qc2 ({Much weaker is} 27. Bxf6 gxf6 28. Qc2 Rfd8 $11) 27... b6 28. Bf4 Qe6 29. Rad1 Rfe8 {[%emt 0:12:32] [#]} (29... Qe7 $142) 30. Bd6 $1 $16 Qxa2 (30... Red8 $16 {was called for.}) 31. Bxc5 $18 bxc5 {[%emt 0:00:03] [#]} 32. R3d2 (32. Rb3 $1 $18 {And now Bc4 would win.} Qa4 33. Bc4) 32... Qe6 $16 33. Qxc5 a4 34. Rd6 Qa2 35. Qa3 $36 {[%emt 0:07:32][%mdl 2048] White is really pushing.} Qxa3 36. bxa3 c5 (36... Nd5 {was necessary.}) 37. Bc4 $18 Rab8 38. R1d2 Kf8 39. Ra6 Red8 (39... Re7 {might work better.} 40. Rxa4 Rc7) 40. Rxd8+ Rxd8 {[%emt 0:00:04][%mdl 4096] Endgame KRB-KRN} 41. Kf2 Nd7 42. Ke3 f5 $2 (42... Ne5) 43. Rd6 fxe4 44. fxe4 Ke7 45. Rxg6 Kf8 {[%emt 0:00:44] Hoping for ...Ne5.} 46. Rd6 Ke7 47. Ra6 Kf8 48. Be2 Rb8 49. Rxa4 Rb3+ 50. Kf4 Nb6 51. Ra7 {[%emt 0:02:06] White is clearly winning.} Rb2 52. Bh5 c4 53. Bg6 Rf2+ 54. Ke3 Rf6 55. h5 {[%emt 0:00:10] Weighted Error Value: White=0.09 (flawless) /Black=0.19 (very precise)} 1-0

[Event "German Bundesliga 2021-22"]
[Site "Germany"]
[Date "2022.04.30"]
[Round "5.3"]
[White "Van Foreest, Lucas"]
[Black "Orlov, Andrey"]
[Result "1-0"]
[ECO "D30"]
[WhiteElo "2573"]
[BlackElo "2490"]
[Annotator "TA"]
[PlyCount "109"]
[EventDate "2022.03.05"]
[EventType "team-tourn"]
[EventCountry "GER"]
[SourceTitle "playchess.com"]
[Source "ChessBase"]
[SourceQuality "1"]
[TimeControl "40/5400+30:1800+30"]

1. d4 d5 2. c4 e6 3. Nf3 Nf6 4. g3 Bb4+ 5. Bd2 Be7 6. Bg2 O-O 7. O-O Nbd7 8. Qc2 c6 9. Bf4 b6 10. Rd1 Bb7 11. Ne5 {[%emt 0:00:00] The main line 11.Ne5 scores better than 11.Nc3.} Nxe5 {[%emt 0:08:45] E08: Closed Catalan: Main Line: 7 Qc2.} 12. dxe5 Nd7 13. cxd5 exd5 {[%emt 0:06:11] White has an edge.} 14. e4 d4 15. Rxd4 Bc5 $1 16. Rd1 {[%emt 0:09:00] aiming for Qd2.} Qe7 {[%emt 0:02:23] [#]} 17. Qc3 $146 ({Predecessor:} 17. Nc3 Nxe5 18. Qe2 Rad8 19. Rxd8 Rxd8 20. Rd1 Rxd1+ 21. Qxd1 g5 22. Bxe5 Qxe5 23. Qd7 {0-1 (50) Sethuraman,S (2631)-Ganguly,S (2642) Dubai 2018}) 17... Rfe8 18. Nd2 Nxe5 19. Bxe5 Qxe5 20. Qxe5 Rxe5 21. Nb3 Bf8 22. Rd7 (22. f4 $5 Ree8 23. Rd7 $11) 22... Bc8 23. Rd8 Bb7 24. Rd7 Bc8 25. Rd8 Bb7 26. Rxa8 Bxa8 27. f4 Re8 28. e5 f6 29. exf6 gxf6 30. Rd1 a5 (30... c5 $11 {remains equal.}) 31. Bf3 (31. Rd7 $16) 31... a4 32. Nd4 Bc5 {[%emt 0:00:23] White must now prevent ...Rd8.} 33. Kg2 Bxd4 34. Rxd4 $11 {[%emt 0:00:01][%mdl 4096] Endgame KRB-KRB} c5 35. Rd2 c4 36. Bxa8 Rxa8 $14 {[%emt 0:00:03] KR-KR} 37. Rd6 a3 38. Rxb6 axb2 39. Rxb2 Kf7 40. Kf3 f5 41. Ke3 Kg6 $2 {[%emt 0:00:00] A mistake that costs the game.} (41... h5 $16) 42. Kd4 $18 Kh5 {[%emt 0:08:15] [#]} 43. h3 (43. Kxc4 Kg4 44. Rf2 h5 $16) 43... Ra3 44. Rg2 ({Much less strong is} 44. Kxc4 Ra8 45. Rb5 Rxa2 46. Rxf5+ Kg6 $18) 44... c3 45. Rc2 Kg6 46. Kc4 {[%emt 0:00:00] And now Kb4 would win.} ({Don't do} 46. Rxc3 $6 Rxa2 47. Rc6+ Kg7 $16) 46... h5 $2 (46... Ra8 47. Kb4 (47. Rxc3 Rxa2 48. Kd4 Rd2+ 49. Ke3 Rh2 $16) (47. Kxc3 Kf7 $18) 47... Rb8+ 48. Kxc3 Ra8) 47. Kb4 Ra8 48. a4 h4 49. Rxc3 Rb8+ {[%emt 0:00:05] [#]} 50. Ka3 $1 Ra8 51. gxh4 Kh5 52. Kb4 Rb8+ 53. Kc4 Rc8+ 54. Kd4 Ra8 55. Ra3 {[%emt 0:00:00] Weighted Error Value: White=0.06 (flawless) /Black=0.56} 1-0

[Event "German Bundesliga 2021-22"]
[Site "Germany"]
[Date "2022.04.30"]
[Round "5.3"]
[White "Thybo, Jesper Sondergaard"]
[Black "Ragger, Markus"]
[Result "1/2-1/2"]
[ECO "D91"]
[WhiteElo "2559"]
[BlackElo "2656"]
[Annotator "TA"]
[PlyCount "176"]
[EventDate "2022.03.05"]
[EventType "team-tourn"]
[EventCountry "GER"]
[SourceTitle "playchess.com"]
[Source "ChessBase"]
[SourceQuality "1"]
[TimeControl "40/5400+30:1800+30"]

1. d4 Nf6 2. c4 g6 3. Nc3 d5 4. Nf3 Bg7 5. Bg5 Ne4 6. Bf4 O-O 7. e3 c5 8. cxd5 Bf5 9. Bd3 Nxc3 10. bxc3 Qxd5 11. O-O Nc6 12. Bxf5 Qxf5 13. Qb1 b6 14. Qxf5 gxf5 15. Rab1 cxd4 16. Nxd4 Rfc8 17. Nxf5 Bxc3 18. Rfc1 Bf6 19. g4 Kf8 $1 20. g5 Bh8 21. Rc2 Nd8 22. Rd2 e5 (22... Ne6 $11) 23. Bg3 $14 Ne6 24. h4 Rd8 25. Rbd1 Rxd2 26. Rxd2 Rd8 27. Rxd8+ (27. Rd6 $16) 27... Nxd8 $11 28. Kg2 Ke8 (28... Nc6 $11 {keeps the balance.}) 29. Kf3 $16 Kd7 ({Black should play} 29... Nc6 $14) 30. Kg4 $1 $16 f6 31. e4 (31. f3 $16) 31... fxg5 $1 $14 32. hxg5 Nf7 $2 (32... a5 $14) 33. f3 $18 Kc6 34. Kh5 b5 $2 (34... Kd7 35. Bf2 Ke6) 35. Be1 $18 Kd7 36. Bb4 Ke6 37. Ba5 Kd7 38. Bb4 Ke6 39. Bc5 a6 40. Bb4 Kd7 41. Ba5 Ke6 42. Bb6 Kd7 43. Nh6 Nd6 44. Bc5 Nb7 45. Ba3 Nd8 (45... a5 $142 46. Ng4 Nd8) 46. Bb2 $18 b4 {[%emt 0:00:00] [#]} 47. f4 $1 a5 48. f5 (48. Bxe5 $2 Bxe5 49. fxe5 a4 $19) (48. fxe5 Ke6 $11) 48... a4 49. Ng4 Nf7 (49... b3 $2 50. axb3 a3 51. Bxa3 $18) 50. g6 hxg6+ 51. fxg6 (51. Kxg6 $18 {and the rest is easy.} Nd6 52. Kh7 (52. Bxe5 Bxe5 53. Nxe5+ Ke8 $16)) 51... Nd6 $16 52. Bxe5 Bxe5 53. Nxe5+ Kc7 54. Nd3 ({Of course not} 54. g7 $6 Ne8 55. Kg6 Nxg7 $11) 54... b3 {[%emt 0:00:11] [#]} 55. axb3 ({Better is} 55. a3 $1 $16 Nxe4 56. Nb2) 55... a3 $11 56. Nb4 Nxe4 57. g7 Nf6+ 58. Kg6 Ng8 59. Kf7 Nh6+ 60. Kg6 Ng8 61. Kf7 Nh6+ 62. Ke6 Ng8 63. Nd5+ Kc6 $1 64. Nc3 Kc5 65. Na2 Nh6 66. Kd7 Kb6 67. b4 Kb5 68. Kc7 Ng8 $1 69. Kd6 Nh6 70. Ke6 Kc4 71. Ke5 Kb5 72. Ke4 Kc4 73. Kf4 Kb5 74. Kg5 Ng8 75. Kg6 Kc4 76. Kf7 Nh6+ 77. Ke6 Kb5 78. Kd7 Ng8 $1 79. Kd6 Nh6 80. Ke5 Kc4 81. Ke6 Kb5 82. Kd5 Nf5 $1 83. g8=N Ne3+ 84. Kd4 Nc2+ 85. Kc3 Nxb4 86. Nxb4 a2 87. Nxa2 Kc5 88. Nf6 Kd6 1/2-1/2

[Event "German Bundesliga 2021-22"]
[Site "Germany"]
[Date "2022.04.30"]
[Round "5.3"]
[White "Rozentalis, Eduardas"]
[Black "Johansson, Linus"]
[Result "1-0"]
[ECO "B40"]
[WhiteElo "2542"]
[BlackElo "2473"]
[Annotator "TA"]
[PlyCount "75"]
[EventDate "2022.03.05"]
[EventType "team-tourn"]
[EventCountry "GER"]
[SourceTitle "playchess.com"]
[Source "ChessBase"]
[SourceQuality "1"]
[TimeControl "40/5400+30:1800+30"]

1. e4 e6 2. d4 d5 3. Nd2 c5 4. Ngf3 cxd4 5. Nxd4 Nc6 6. Nxc6 bxc6 7. Bd3 Nf6 8. O-O Be7 9. e5 Nd7 10. Nf3 Qc7 {[%emt 0:10:40] B40: Sicilian: 2...e6, Unusual lines.} 11. Re1 {[%emt 0:01:13] [#]} Nc5 $146 ({Predecessor:} 11... c5 12. c3 Rb8 13. Qc2 h6 14. Bd2 g5 15. h3 c4 16. Bf1 Qb6 17. b4 cxb3 18. axb3 {1-0 (40) Plotnikov,V-Herdocia,F Los Angeles 1995}) 12. Be3 a5 {[%emt 0:03:48] The position is equal.} 13. Rc1 h6 14. Nd4 Ba6 (14... Bd7 $11) 15. Bxa6 Rxa6 16. c4 {[%emt 0:01:00] And now cxd5 would win.} Qd7 {[%emt 0:04:26] [#]} (16... Qb7 $16) 17. cxd5 $1 $18 Qxd5 (17... cxd5 {keeps fighting.} 18. Re2 O-O) 18. Qe2 Ra8 19. Red1 Rd8 20. b3 {[%emt 0:15:09][%cal Od4b5] Hoping for Nb5!} O-O {[%emt 0:03:40] [#]} 21. Nf5 $1 exf5 22. Rxd5 Rxd5 23. Bxc5 Bxc5 24. e6 Re8 25. exf7+ Kxf7 26. Qh5+ ({Don't take} 26. Qa6 Ba3 27. Rf1 (27. Qxc6 Rc5 $17) 27... Re6) 26... g6 27. Qxh6 Re2 (27... Bf8 $142 28. Qf4 (28. Qh7+ Bg7 $18) 28... Bd6) 28. Qh7+ Kf6 29. h4 Rxa2 $2 (29... Rde5 30. Qh8+ Kf7) 30. h5 gxh5 31. Qh6+ Kf7 32. Qxc6 Bxf2+ 33. Kf1 Rad2 34. Qb7+ Ke6 35. Rc6+ Ke5 36. Qc7+ {[%emt 0:01:26] White mates.} Kd4 37. Qf4+ Kd3 38. Qc4+ {[%emt 0:00:11] Black did not feel at home in the position after the opening.  Weighted Error Value: White=0.07 (flawless) /Black=0.64} 1-0

[Event "German Bundesliga 2021-22"]
[Site "Germany"]
[Date "2022.04.30"]
[Round "5.4"]
[White "Tari, Aryan"]
[Black "Meshkovs, Nikita"]
[Result "1-0"]
[ECO "B31"]
[WhiteElo "2650"]
[BlackElo "2559"]
[Annotator "TA"]
[PlyCount "73"]
[EventDate "2022.03.05"]
[EventType "team-tourn"]
[EventCountry "GER"]
[SourceTitle "playchess.com"]
[Source "ChessBase"]
[SourceQuality "1"]
[TimeControl "40/5400+30:1800+30"]

1. e4 c5 2. Nf3 Nc6 3. Bb5 g6 4. O-O Bg7 5. c3 Nf6 6. Re1 O-O 7. d4 cxd4 8. cxd4 d5 9. e5 Ne4 10. Bxc6 bxc6 11. Be3 $1 {[%emt 0:00:00][%mdl 4] is now more promising than 11.Nbd2. B31: Sicilian: 2...Nc6 3 Bb5 g6.} Qb6 12. Qc1 Rb8 13. b3 {[%emt 0:00:00] White is slightly better.} Qa5 14. Nbd2 Bf5 {[%emt 0:17:55] [#]} 15. h3 $146 ({Predecessor:} 15. Nxe4 Bxe4 16. Nd2 Bf5 17. Qb2 Rfc8 18. Rec1 Bf8 19. Rc3 Qa6 20. Nf3 Be4 21. Ne1 {1-0 (39) Smeets,J (2585)-Mamedov,R (2659) Wijk aan Zee 2020}) 15... Rfc8 16. Nxe4 (16. g4 $5 Be6 17. Nxe4 dxe4 18. Qd2 Qxd2 19. Nxd2 $11) 16... Bxe4 17. Ng5 c5 {[%emt 0:03:52] Threatens to win with ...cxd4.} 18. Qd1 ({Don't play} 18. Nxe4 cxd4 19. Qd2 Qxd2 20. Nxd2 dxe3 21. Rxe3 Rc2 $17) 18... c4 19. Nxe4 dxe4 20. Bg5 ({White should try} 20. bxc4 $14 Rxc4 21. Rb1) 20... Qd5 (20... c3 $11) 21. Bxe7 $14 cxb3 22. axb3 Rxb3 23. Rxa7 {[%emt 0:03:25] And now Qg4 would win.} h5 {[%emt 0:02:04] Prevents Qg4.} 24. Ra3 (24. Bc5 $16) 24... Rb2 (24... Rxa3 $11 {keeps the balance.} 25. Bxa3 Rc4) 25. Bg5 $1 $16 Rcc2 {[%emt 0:04:24] [#]} (25... Kh7 $142) 26. Rf1 $1 Bf8 27. Ra1 Qc4 $2 (27... Bb4 $16) 28. Be3 Kh7 {[%emt 0:00:24] [#]} 29. Rc1 $1 Bh6 30. Rxc2 Rxc2 31. d5 $2 (31. Qb1 $18) 31... Bxe3 $1 $14 32. fxe3 {[%emt 0:00:01] KQR-KQR} Kg7 $2 (32... Kg8 $16 33. Qd4 Qxd4 34. exd4 e3) 33. e6 $18 {[%emt 0:02:02][%cal Be5e6,Be6e7][%mdl 32] White threatens e7 and mate.} f5 34. d6 {[%emt 0:02:49] Threatening mate with d7.} Qa2 35. Qa1+ {[%emt 0:00:01] White mates.} Qxa1 36. Rxa1 Rd2 37. e7 {[%emt 0:00:17] Weighted Error Value: White=0.26 (precise) /Black=0.42} 1-0

[Event "German Bundesliga 2021-22"]
[Site "Germany"]
[Date "2022.04.30"]
[Round "5.4"]
[White "Gustafsson, Jan"]
[Black "Tomczak, Jacek"]
[Result "1/2-1/2"]
[ECO "D80"]
[WhiteElo "2643"]
[BlackElo "2584"]
[Annotator "TA"]
[PlyCount "51"]
[EventDate "2022.03.05"]
[EventType "team-tourn"]
[EventCountry "GER"]
[SourceTitle "playchess.com"]
[Source "ChessBase"]
[SourceQuality "1"]
[TimeControl "40/5400+30:1800+30"]

1. d4 Nf6 2. c4 g6 3. Nc3 d5 4. Nf3 Bg7 5. Bg5 Ne4 6. Bf4 Nxc3 7. bxc3 c5 8. e3 O-O 9. cxd5 cxd4 10. cxd4 Qxd5 11. Be2 Nc6 12. O-O Bf5 13. Qa4 {[%emt 0:00:00] D80: Grünfeld: Unusual White 4th moves and 4 Bg5.} Qa5 14. Qxa5 $1 {[%emt 0:00:30] 14.Qxa5 is better than 14.Qb3.} Nxa5 15. Nd2 {[%emt 0:00:30] White has an edge.} Rfc8 16. g4 Bd7 17. Rfc1 {[%emt 0:25:30] Against Rc2} Rxc1+ 18. Rxc1 Rc8 $1 19. Rxc8+ Bxc8 20. d5 Bc3 21. Ne4 Bb4 {[%emt 0:01:30][%cal Ob7b5] [#]} 22. Bc7 $146 {[%emt 0:05:30][%cal Oa2a3] [#] And now a3! would win.} (22. Bb8 $5 ) ({Predecessor:} 22. Bb8 f5 23. Ng3 Bc5 24. gxf5 gxf5 25. Bd3 e6 26. e4 fxe4 27. Nxe4 Bd4 28. Nd6 {1-0 (50) Sargissian,G (2689)-Ivic,V (2558) Moscow 2020}) 22... b6 {[%emt 0:06:30] The position is equal.} 23. Bb8 Bb7 24. Bxa7 Bxd5 25. Bf3 Bxa2 26. Bxb6 {[%emt 0:00:30] Weighted Error Value: White=0.04 (flawless) /Black=0.03 (flawless)} 1/2-1/2